 Dungeon Crawl Stone Soup version 0.28-a0-224-g76b539d98b (webtiles) character file.

Game seed: 4654717917738934687

76 jisko22 the Thaumaturge (level 4, -1/32 HPs)
             Began as a Gnoll Wanderer on Aug 21, 2021.
             Killed by divine providence
             ... invoked by an orc priest
              (16 damage)
             ... on level 3 of the Dungeon.
             The game lasted 00:04:42 (2211 turns).

jisko22 the Thaumaturge (Gnoll Wanderer)            Turns: 2211, Time: 00:04:43

Health: -1/32      AC:  2    Str: 12    XL:     4   Next: 32%
Magic:  12/19      EV: 11    Int: 12    God:
Gold:   90         SH:  0    Dex: 11    Spells: 17/29 levels left

rFire   . . .      SeeInvis .   a - +0 club
rCold   . . .      Faith    .   (no shield)
rNeg    . . .      Spirit   .   b - +0 robe
rPois   .          Reflect  .   (no helmet)
rElec   .          Harm     .   (no cloak)
rCorr   .          Rampage  .   (no gloves)
Will    .....                   (no boots)
Stlth   ++........              (no amulet)
HPRegen 0.10/turn               (no ring)
MPRegen 0.16/turn               (no ring)

@: very slightly contaminated
A: fangs 1, strong nose, distributed training
a: no special abilities


You were on level 3 of the Dungeon.
You visited 1 branch of the dungeon, and saw 3 of its levels.

You collected 90 gold pieces.

Inventory:

Hand Weapons
 a - a +0 club (weapon)
Armour
 b - a +0 robe (worn)
 e - a +0 ring mail
Jewellery
 k - a ring of positive energy
Scrolls
 f - 2 scrolls of identify
 i - a scroll of amnesia {unknown}
 l - a scroll of teleportation {unknown}
Potions
 c - 2 potions of curing
 d - 2 potions of flight
 g - 3 potions of invisibility
 h - a potion of mutation {unknown}
 j - a potion of berserk rage {unknown}


   Skills:
 + Level 1.1 Fighting
 + Level 1.1 Short Blades
 + Level 1.1 Long Blades
 + Level 1.1 Axes
 + Level 1.1 Maces & Flails
 + Level 1.1 Polearms
 + Level 1.1 Staves
 + Level 1.1 Slings
 + Level 1.1 Bows
 + Level 1.1 Crossbows
 + Level 1.1 Throwing
 + Level 1.1 Armour
 + Level 1.1 Dodging
 + Level 2.5 Stealth
 + Level 2.7 Shields
 + Level 1.1 Unarmed Combat
 + Level 13.0 Spellcasting
 + Level 0.8 Conjurations
 + Level 0.8 Hexes
 + Level 0.8 Summonings
 + Level 0.8 Necromancy
 + Level 0.8 Translocations
 + Level 0.8 Transmutations
 + Level 0.8 Fire Magic
 + Level 3.8 Ice Magic
 + Level 0.8 Air Magic
 + Level 0.8 Earth Magic
 + Level 0.8 Poison Magic
 + Level 1.2 Invocations
 + Level 1.1 Evocations


You had 17 spell levels left.
You knew the following spells:

 Your Spells              Type           Power      Damage    Failure   Level
a - Foxfire               Conj/Fire      36%        2x1d5     6%          1
b - Freeze                Ice            68%        1d8       1%          1
c - Frozen Ramparts       Ice            34%        1d5       5%          3
d - Hailstorm             Conj/Ice       13%        3d5       32%         4
e - Conjure Flame         Conj/Fire      9%         6-21      19%         3

Your spell library contained the following spells:

 Spells                   Type           Power      Damage    Failure   Level
 Ozocubu's Armour         Ice            17%        N/A       5%          3
 Apportation              Tloc           18%        N/A       6%          1
 Alistair's Intoxication  Tmut/Pois      6%         N/A       86%         5
 Invisibility             Hex            4%         N/A       100%        6


Dungeon Overview and Level Annotations

Branches:
Dungeon (3/15)

Altars:


Innate Abilities, Weirdness & Mutations

You have very sharp teeth.
Your uncanny sense of smell can sniff out nearby items.
Your experience applies equally to all skills.


Message History

The foxfire hits the orc priest but does no damage.
The orc priest is lightly wounded.
Casting: Foxfire (safe; 6% risk of failure)
Confirm with . or Enter, or press ? or * to list all spells.
You conjure some foxfire!
The orc priest hits you with a +0 club.
The foxfire hits the orc priest.
The orc priest is moderately wounded.
The foxfire hits the orc priest but does no damage.
The orc priest is moderately wounded.
The orc priest hits you with a +0 club.
Casting: Foxfire (safe; 6% risk of failure)
Confirm with . or Enter, or press ? or * to list all spells.
You conjure some foxfire!
The orc priest hits you with a +0 club.
The foxfire hits the orc priest.
The orc priest is heavily wounded.
The foxfire hits the orc priest.
The orc priest is severely wounded.
The orc priest closely misses you.
Casting: Foxfire (safe; 6% risk of failure)
Confirm with . or Enter, or press ? or * to list all spells.
You conjure some foxfire!
The orc priest barely misses you.
The foxfire hits the orc priest but does no damage.
The orc priest is severely wounded.
The foxfire hits the orc priest but does no damage.
The orc priest is severely wounded.
The orc priest closely misses you.
Casting: Foxfire (safe; 6% risk of failure)
Confirm with . or Enter, or press ? or * to list all spells.
You miscast Foxfire.
Nothing appears to happen.
The orc priest misses you.
Casting: Foxfire (safe; 6% risk of failure)
Confirm with . or Enter, or press ? or * to list all spells.
You conjure some foxfire!
The orc priest hits you with a +0 club.
The foxfire hits the orc priest.
The orc priest is severely wounded.
The foxfire hits the orc priest.
The orc priest is almost dead.
The orc priest calls down the wrath of Beogh upon you.
Beogh smites you!
Ouch! That really hurt!
You die...

.###.###.........
##.##............$...
#...................
##.##................
.###.###................
#.......................
#######.................
#.........o.......
#.........@.......
#..........ยง......
#.................
#......)..........
#.................
#.................
#...........######
#############


You could see an orc priest.

Vanquished Creatures
  2 adders
  A worm (D:3)
  A dart slug (D:1)
  4 giant cockroaches
  8 goblins
  5 hobgoblins
  7 jackals (D:1)
  2 quokkas (D:2)
  3 ball pythons
  5 bats
  6 frilled lizards
  3 kobolds
  A rat (D:1)
48 creatures vanquished.

Vanquished Creatures (collateral kills)
  A foxfire (D:1)
1 creature vanquished.

Vanquished Creatures (others)
  170 foxfires
170 creatures vanquished.

Grand Total: 219 creatures vanquished

Notes
Turn   | Place    | Note
-------+----------+-------------------------------------------
     0 | D:1      | Reached skill level 12 in Spellcasting
     0 | D:1      | jisko22 the Gnoll Wanderer began the quest for the Orb.
     0 | D:1      | jisko22 set off with the following items: a +0 club, a +0
                  | robe, a potion of curing; and the following spells
                  | available to memorise: Freeze, Frozen Ramparts, Ozocubu's
                  | Armour, Foxfire, Conjure Flame, Hailstorm
     0 | D:1      | Reached XP level 1. HP: 13/13 MP: 14/14
     2 | D:1      | Learned a level 1 spell: Foxfire
   172 | D:1      | Reached XP level 2. HP: 14/19 MP: 8/15
   379 | D:1      | Learned a level 1 spell: Freeze
   415 | D:1      | Found a faded altar of an unknown god.
   699 | D:1      | Reached XP level 3. HP: 25/25 MP: 14/17
  1147 | D:2      | Reached skill level 1 in Invocations
  1354 | D:2      | Learned a level 3 spell: Frozen Ramparts
  1422 | D:2      | Reached skill level 1 in Fighting
  1422 | D:2      | Reached skill level 1 in Short Blades
  1422 | D:2      | Reached skill level 1 in Long Blades
  1422 | D:2      | Reached skill level 1 in Axes
  1422 | D:2      | Reached skill level 1 in Maces & Flails
  1422 | D:2      | Reached skill level 1 in Polearms
  1422 | D:2      | Reached skill level 1 in Staves
  1422 | D:2      | Reached skill level 1 in Slings
  1422 | D:2      | Reached skill level 1 in Bows
  1422 | D:2      | Reached skill level 1 in Crossbows
  1422 | D:2      | Reached skill level 1 in Throwing
  1422 | D:2      | Reached skill level 1 in Armour
  1422 | D:2      | Reached skill level 1 in Dodging
  1422 | D:2      | Reached skill level 1 in Unarmed Combat
  1422 | D:2      | Reached skill level 1 in Evocations
  1500 | D:2      | Reached skill level 13 in Spellcasting
  1500 | D:2      | Reached XP level 4. HP: 30/32 MP: 15/19
  1505 | D:2      | Learned a level 4 spell: Hailstorm
  1509 | D:2      | Learned a level 3 spell: Conjure Flame
  2211 | D:3      | Killed from afar by an orc priest

Illustrated notes

Levels and vault maps discovered:
D:1:      shiori_arrival_elements, layout_basic,
          shapermc_ecumenical_altar_mp_urbaneastern, minmay_hexomino_u4
D:2:      layout_basic, basic_altar, serial_corexii_hall,
          chequers_hall_statues_corner_a, corexii_hall_statues_t,
          minmay_misc_feat_doors
D:3:      layout_loops_ring, wad_floor_pattern_1, minmay_misc_feat_secret_circle

Skill      XL: |  1  2  3 |
---------------+----------+-----
Spellcasting   | 13 | 13.0
Invocations    | 1 |  1.2
Fighting       | 1 |  1.1
Short Blades   | 1 |  1.1
Long Blades    | 1 |  1.1
Axes           | 1 |  1.1
Maces & Flails | 1 |  1.1
Polearms       | 1 |  1.1
Staves         | 1 |  1.1
Slings         | 1 |  1.1
Bows           | 1 |  1.1
Crossbows      | 1 |  1.1
Throwing       | 1 |  1.1
Armour         | 1 |  1.1
Dodging        | 1 |  1.1
Unarmed Combat | 1 |  1.1
Evocations     | 1 |  1.1
Stealth        | |  2.5
Shields        | |  2.7
Conjurations   | |  0.8
Hexes          | |  0.8
Summonings     | |  0.8
Necromancy     | |  0.8
Translocations | |  0.8
Transmutations | |  0.8
Fire Magic     | |  0.8
Ice Magic      | |  3.8
Air Magic      | |  0.8
Earth Magic    | |  0.8
Poison Magic   | |  0.8

Action                   |  1- 3 |  4- 6 || total
-------------------------+-------+-------++-------
 Cast: Foxfire           |    75 |    22 ||    97
       Freeze            |       |     2 ||     2
  Use: Scroll            |     2 |     1 ||     3
Armor: Robe              |     4 |       ||     4
Dodge: Dodged            |     8 |     5 ||    13

Table legend: (Time is in decaauts)
 A = Elapsed time spent in this place.
 B = Non-inter-level travel time spent in this place.
 C = Inter-level travel time spent in this place.
 D = Time resting spent in this place.
 E = Time spent auto-exploring this place.
 F = Levels seen in this place.
 G = Mean time per level.
                   A        B        C        D        E       F      G
               +--------+--------+--------+--------+--------+-----+--------+
         Total |   2211 |   2136 |     75 |    427 |   1342 |   3 |  737.0 |
       Dungeon |   2211 |   2136 |     75 |    427 |   1342 |   3 |  737.0 |
               +--------+--------+--------+--------+--------+-----+--------+

Top non-repeatable levels by time:
     D:1: 1010 daAuts
     D:2: 917 daAuts
     D:3: 284 daAuts
